Map: Winter's Gate LE

Players

SpeCial - Winner!

  • Race: Terran Terran
  • Spawn Location: 5:00

ShoWTimE

  • Race: Protoss Protoss
  • Spawn Location: 11:00

Event: 2019 WCS Global FInals

VOD

Have the link to the VOD?

Description

Time

  • Played on: Oct. 24, 2019, 4:40 a.m.
  • Length: 15:44

All games in this series

Show
View Real Time Build Order
Export as new Build Order

SpeCial Terran - Winner!

Build Orders: Banshee Rush 

Get SALT Encoding   

  12  0:00  SCV  
  13  0:12  SCV  
  14  0:16  Supply Depot  
  14  0:24  SCV  
  15  0:38  SCV  
  15  0:40  Barracks  
  16  0:42  Refinery  
  16  0:50  SCV  
  17  1:02  SCV  
  18  1:14  SCV  
  19  1:26  Marine  
  19  1:27  Orbital Command  
  20  1:43  Command Center  
  20  1:51  Factory  
  20  1:53  SCV  
  21  1:57  Marine  
  22  2:04  Supply Depot  
  22  2:06  SCV  
  23  2:17  Barracks Reactor  
  23  2:20  Refinery  
  23  2:25  SCV  
  24  2:34  Hellion  
  26  2:37  SCV  
  26  2:39  Starport  
  27  2:49  SCV  
  28  2:54  Marine x2  
  28  2:55  Orbital Command  
  28  2:58  Hellion  
  32  3:01  SCV  
  33  3:14  SCV  
  33  3:16  Starport Tech Lab  
  34  3:23  SCV  
  34  3:26  SCV  
  36  3:28  Hellion x2  
  36  3:31  Supply Depot  
  40  3:35  SCV  
  40  3:36  Barracks Tech Lab  
  40  3:38  SCV  
  40  3:40  Cloaking Field  
  40  3:41  Banshee  
  42  3:47  SCV  
  46  3:53  SCV  
  47  3:59  SCV  
  47  4:00  Supply Depot  
  47  4:01  Marine x2  
  50  4:03  Siege Tank  
  50  4:05  SCV  
  54  4:18  Command Center  
  54  4:22  Marine, SCV x2  
  54  4:23  Supply Depot, Marine  
  58  4:27  Banshee  
  61  4:36  Bunker  
  61  4:41  SCV  
  61  4:45  Siege Tank, Marine x2, SCV  
  66  4:46  Supply Depot  
  68  4:53  SCV  
  68  4:57  SCV  
  70  5:00  Barracks  
  70  5:02  Barracks  
  70  5:07  Marine x2  
  70  5:08  SCV  
  70  5:09  SCV  
  70  5:10  Raven  
  76  5:20  SCV  
  78  5:21  SCV  
  78  5:22  Refinery x2  
  78  5:24  Supply Depot  
  78  5:31  Orbital Command  
  78  5:32  Siege Tank  
  78  5:33  Marine x2  
  83  5:38  SCV x2  
  85  5:46  Engineering Bay x2  
  85  5:50  SCV x2  
  85  5:51  Marine x2  
  86  6:02  Barracks, SCV  
  86  6:04  Barracks, Supply Depot  
  87  6:06  Marine, Stimpack  
  87  6:07  Barracks Tech Lab  
  87  6:10  Siege Tank  
  91  6:12  SCV  
  91  6:13  Starport Reactor  
  91  6:20  Marine x2  
  91  6:25  Orbital Command  
  93  6:27  Missile Turret  
  93  6:28  Marauder x2  
  93  6:31  Terran Infantry Armor Level 1  
  93  6:32  Terran Infantry Weapons Level 1, SCV  
  98  6:35  SCV  
  99  6:42  Marine x2  
  99  6:43  Supply Depot  
  99  6:44  SCV  
  99  6:45  Supply Depot  
  102  6:47  SCV  
  102  6:49  Marauder  
  102  6:50  Marauder  
  102  6:51  Medivac  
  102  6:52  Medivac  
  102  6:53  SCV  
  109  6:57  Barracks Tech Lab  
  109  7:01  Barracks Reactor  
  109  7:04  SCV x2  
  109  7:05  Supply Depot, SCV  
  109  7:06  Missile Turret  
  109  7:07  Supply Depot  
  112  7:08  Marine x2  
  112  7:12  Marauder x2  
  118  7:16  Siege Tank, SCV x2  
  118  7:17  SCV  
  118  7:19  Supply Depot  
  124  7:28  Marine x2, SCV x2  
  124  7:29  Refinery, SCV  
  131  7:30  Refinery, Marauder  
  131  7:32  Concussive Shells  
  131  7:33  Marauder  
  131  7:34  Combat Shield  
  127  7:41  SCV x2  
  127  7:42  Marine  
  127  7:43  Marine  
  131  7:46  Marine x2, SCV  
  131  7:48  Medivac  
  136  7:51  Marine  
  136  7:52  Medivac  
  136  7:53  SCV x2  
  136  7:56  Marauder  
  136  7:57  Marauder  
  145  7:59  Supply Depot  
  145  8:00  Marine x2  
  145  8:04  Marine x2  
  145  8:05  SCV  
  145  8:09  Marauder, Factory Reactor, SCV  
  145  8:11  Starport  
  147  8:14  SCV  
  147  8:16  Supply Depot  
  147  8:18  Marine  
  149  8:20  Marine  
  149  8:22  Marine x2, Marauder x2  
  149  8:23  Supply Depot  
  149  8:25  Armory  
  156  8:28  Sensor Tower  
  156  8:35  Supply Depot  
  156  8:37  Viking x2  
  156  8:38  Marauder  
  162  8:46  Supply Depot  
  144  8:59  Marine x3  
  144  9:00  Marine, Marauder x2  
  144  9:01  Marauder  
  150  9:02  Ghost Academy  
  148  9:10  Viking x2  
  148  9:11  Viking x2  
  147  9:17  Marine x3  
  147  9:21  Marauder x2  
  147  9:22  Marine  
  147  9:23  Liberator x3, Marauder  
  150  9:35  Marine x3  
  151  9:42  Marine, Marauder  
  151  9:43  Marauder  
  151  9:44  Marauder  
  143  9:51  SCV  
  127  9:52  Marine  
  127  9:53  Marine x2  
  127  9:56  Liberator, Terran Infantry Weapons Level 2  
  127  10:00  Marine  
  127  10:04  Marauder x2  
  127  10:05  Marauder  
  134  10:07  Command Center  
  134  10:10  Marine, Liberator  
  134  10:11  Marine  
  139  10:15  Marine  
  139  10:18  Marine  
  139  10:19  Terran Infantry Armor Level 2  
  141  10:25  Marauder  
  146  10:34  Marine, Marauder  
  147  10:42  Marine x2, Marauder  
  148  10:43  Marine, Liberator x2  
  148  10:46  Supply Depot  
  146  10:54  Marine  
  146  10:55  Marauder  
  149  10:58  Marauder  
  149  10:59  Liberator  
  149  11:00  Marine  
  156  11:07  Marine, Marauder  
  156  11:09  Marine  
  156  11:15  Marine  
  156  11:16  Marauder  
  159  11:20  Marauder  
  159  11:25  Liberator  
  159  11:26  Liberator  
  159  11:29  Marine, Marauder  
  149  11:32  Marine  
  149  11:38  Marauder  
  149  11:39  Marine x2, Liberator  
  125  11:41  Marauder  
  125  11:44  SCV  
  125  11:45  SCV x2  
  125  11:47  Marine  
  126  11:50  Marine  
  126  11:51  Marauder  
  124  11:57  Marine x2, SCV x2  
  124  11:59  Planetary Fortress, Marauder  
  131  12:02  Medivac  
  131  12:03  Marauder  
  131  12:04  Marine  
  131  12:08  Marine  
  136  12:09  Barracks  
  136  12:12  Marauder  
  136  12:15  Marine x2  
  141  12:20  Marauder  
  141  12:22  Marine  
  143  12:24  Terran Infantry Weapons Level 3, Marauder  
  146  12:34  Marine, Marauder  
  149  12:41  Medivac, Viking  
  149  12:42  Medivac, Viking  
  151  12:54  Marine  
  151  12:55  Marine x2, Marauder x2  
  151  12:56  Marine, Marauder  
  151  12:58  Barracks Tech Lab  
  157  12:59  Barracks, Liberator  
  157  13:04  Barracks  
  157  13:12  Marine  
  145  13:14  Marine x2  
  145  13:16  Liberator, Marauder x2  
  154  13:20  Marine  
  154  13:21  Marauder  
  154  13:23  Marauder  
  159  13:30  Marine  
  159  13:32  Marine x2  
  164  13:38  Marine, Marauder x2  
  166  13:42  Marauder  
  166  13:43  SCV x3  
  166  13:44  Marauder  
  166  13:48  Marine  
  174  13:50  Marine x2  
  174  13:52  Marine  
  174  13:53  Marauder  
  173  13:56  Marine  
  173  13:58  Marine  
  173  13:59  Ghost  
  177  14:03  Ghost  
  177  14:05  Marine  
  177  14:08  Marine  
  174  14:10  Marine  
  174  14:13  Ghost  
  174  14:14  Marine, Refinery  
  174  14:16  Marine  
  176  14:18  Viking x2  
  176  14:19  Viking  
  176  14:23  Marine  
  183  14:26  Marine  
  183  14:28  Marine, Marauder  
  187  14:31  Marine  
  187  14:32  Marauder  
  187  14:35  Marauder  
  192  14:41  Marine  
  192  14:43  Marine, Marauder  
  191  14:46  Marine  
  191  14:49  Marine  
  191  14:50  Marauder  
  171  14:53  Marauder  
  171  14:55  Marine  
  171  14:56  SCV  
  171  14:59  Marauder  
  170  15:01  Marine  
  170  15:03  Marine  
  170  15:04  Marauder  
  170  15:07  Marine  
  170  15:11  Marauder  
  170  15:13  Marine  
  148  15:14  Marine  
  148  15:19  Marine  
  148  15:21  Marine, Marauder  
  149  15:25  Marine x2  
Show
View Real Time Build Order
Export as new Build Order

ShoWTimE Protoss 

Build Orders: 1 Gate Expand, Blink Stalkers, Colossus Rush 

Get SALT Encoding   

  12  0:00  Probe  
  13  0:12  Probe  
  14  0:18  Pylon  
  14  0:24  Probe (Chrono Boost)  
  15  0:36  Probe (Chrono Boost)  
  15  0:37  Gateway  
  16  0:45  Probe (Chrono Boost)  
  16  0:46  Assimilator  
  17  0:51  Probe  
  18  1:03  Probe  
  19  1:15  Probe  
  20  1:24  Cybernetics Core  
  20  1:32  Nexus  
  20  1:35  Probe  
  21  1:43  Pylon  
  21  1:47  Probe  
  21  1:53  Assimilator  
  21  1:58  Adept (Chrono Boost)  
  21  1:59  Probe  
  24  2:02  Warp Gate  
  24  2:11  Probe  
  25  2:19  Stalker (Chrono Boost)  
  27  2:23  Probe  
  28  2:36  Twilight Council, Probe (Chrono Boost)  
  29  2:42  Stalker  
  31  2:47  Probe (Chrono Boost)  
  33  2:53  Probe (Chrono Boost)  
  33  2:55  Probe (Chrono Boost)  
  34  3:00  Probe (Chrono Boost)  
  34  3:01  Probe  
  34  3:04  Blink (Chrono Boost)  
  36  3:11  Probe  
  37  3:13  Probe  
  38  3:23  Pylon  
  38  3:24  Probe  
  38  3:25  Probe  
  40  3:31  Robotics Facility  
  40  3:34  Shield Battery  
  40  3:36  Probe  
  40  3:37  Probe  
  40  3:40  Gateway  
  42  3:48  Probe  
  43  3:49  Assimilator, Probe  
  43  3:52  Assimilator  
  43  3:53  Pylon  
  44  3:56  Stalker  
  44  4:00  Pylon, Probe  
  44  4:02  Probe  
  48  4:11  Gateway  
  48  4:12  Probe  
  48  4:14  Probe  
  50  4:19  Observer  
  50  4:21  Stalker  
  53  4:24  Probe  
  53  4:26  Probe  
  55  4:32  Pylon  
  55  4:36  Stalker, Probe  
  58  4:40  Observer  
  58  4:44  Stalker, Robotics Bay  
  61  4:47  Forge  
  61  4:59  Pylon  
  61  5:02  Gateway x2  
  61  5:03  Observer  
  60  5:21  Observer  
  57  5:24  Probe x2  
  59  5:29  Colossus (Chrono Boost)  
  59  5:31  Sentry  
  67  5:36  Probe x2  
  69  5:48  Probe x2  
  69  5:49  Protoss Ground Weapons Level 1 (Chrono Boost)  
  66  5:58  Extended Thermal Lance  
  66  6:00  Gateway, Probe x2  
  68  6:10  Pylon  
  67  6:12  Probe  
  67  6:17  Nexus  
  68  6:23  Colossus (Chrono Boost)  
  68  6:25  Gateway  
  68  6:32  Gateway  
  74  6:34  Probe  
  74  6:35  Probe  
  74  6:37  Sentry  
  74  6:39  Charge  
  78  6:46  Probe  
  79  6:47  Probe  
  79  6:48  Pylon  
  79  6:58  Probe  
  79  6:59  Probe  
  81  7:02  Pylon  
  81  7:06  Zealot x2  
  85  7:10  Probe  
  85  7:11  Probe  
  85  7:13  Colossus (Chrono Boost)  
  93  7:25  Zealot x3  
  98  7:40  Zealot x2  
  102  7:44  Templar Archives  
  102  7:51  Protoss Ground Armor Level 1 (Chrono Boost), Warp Prism (Chrono Boost)  
  102  7:55  Zealot x3  
  110  7:59  Pylon  
  110  8:07  Zealot x3  
  110  8:11  Pylon  
  114  8:14  Pylon  
  114  8:20  High Templar  
  114  8:21  Zealot, High Templar x3  
  114  8:24  Archon  
  114  8:25  Archon  
  124  8:30  Pylon  
  124  8:31  Pylon  
  124  8:40  High Templar x2  
  124  8:41  Zealot  
  130  8:46  Zealot  
  130  8:47  Archon  
  116  8:59  Zealot x4  
  112  9:06  Zealot x2  
  94  9:20  Colossus (Chrono Boost)  
  94  9:21  Zealot x6  
  94  9:29  High Templar x2  
  98  9:34  Archon  
  96  9:42  Zealot x3  
  96  9:43  Zealot x3  
  72  9:57  Probe x2  
  72  9:58  Probe  
  71  10:00  Disruptor (Chrono Boost)  
  71  10:03  Zealot x8  
  93  10:24  Stalker x6  
  93  10:27  Disruptor (Chrono Boost), Sentry  
  104  10:35  Zealot  
  109  10:52  Stalker x4, Zealot x3  
  114  10:58  Observer (Chrono Boost)  
  115  11:04  Zealot  
  113  11:12  Zealot  
  113  11:13  Zealot  
  101  11:19  Stalker x4  
  101  11:23  Zealot  
  109  11:31  Zealot  
  97  11:41  Stalker x2  
  101  11:50  Protoss Ground Weapons Level 2 (Chrono Boost)  
  97  11:55  Probe x3  
  97  12:00  Stalker x4  
  108  12:05  Zealot x2  
  108  12:07  Zealot, Nexus  
  114  12:09  Pylon  
  114  12:10  Zealot  
  116  12:18  Disruptor (Chrono Boost)  
  118  12:32  Zealot x6  
  118  12:36  Zealot x2  
  130  12:58  Stalker x7  
  132  13:02  Stalker  
  126  13:13  Colossus (Chrono Boost)  
  132  13:22  Zealot x4  
  140  13:43  Sentry  
  140  13:44  Stalker x4, Sentry  
  140  13:45  Zealot  
  154  13:50  Zealot  
  140  14:10  Warp Prism  
  140  14:14  Zealot x4, Sentry x2  
  140  14:15  Zealot x2  
  151  14:26  Pylon  
  151  14:28  Dark Shrine  
  151  14:29  Pylon  
  151  14:40  Zealot x4  
  153  14:50  Zealot x4  
  118  15:03  Stalker x4  
  84  15:14  Stalker  
  75  15:25  Zealot x3  
  73  15:28  Stalker  
  75  15:37  Zealot x2  
Tags
 
Add a new tag
Caveats
  • Supply blocks, unpowered buildings, or Contaminate may cause inaccurate times.
  • Supply counts are checked every 10 seconds.